 Dungeon Crawl Stone Soup version 0.17-a0-1647-gb11a595 (webtiles) character file.

79 Geomchi the Insei (level 4, 0/32 HPs)
             Began as a Merfolk Transmuter on Aug 12, 2015.
             Was an Initiate of Makhleb.
             Slain by Geomchi's ghost (9 damage)
             ... on level 3 of the Dungeon.
             The game lasted 00:02:23 (3355 turns).

Geomchi the Insei (Merfolk Transmuter)              Turns: 3355, Time: 00:02:23

Health: 0/32       AC:  2    Str: 13    XL:     4   Next: 37%
Magic:  4/7        EV: 21    Int: 13    God:    Makhleb [......]
Gold:   63         SH:  0    Dex: 19    Spells: 2 memorised, 3 levels left

rFire  . . .     SeeInvis .       - Unarmed
rCold  . . .     Clarity  .     (armour currently unavailable)
rNeg   . . .     SustAt   .     (shield currently unavailable)
rPois  x         Gourm    .     (helmet currently unavailable)
rElec  .         Spirit   .     (cloak currently unavailable)
rCorr  .         Warding  .     (gloves currently unavailable)
rMut   .         Stasis   .     (boots currently unavailable)
MR     .....                    (no amulet)
Stlth  ++........               (no ring)
                                r - +3 ring of strength

@: spider-form (expiring), not resistant to hostile enchantments, unstealthy
A: (change form in water), (swift swim)
a: End Transformation, Renounce Religion


You were on level 3 of the Dungeon.
You worshipped Makhleb.
Makhleb was noncommittal.
You were hungry.
You were a venomous arachnid creature.
You visited 1 branch of the dungeon, and saw 3 of its levels.

You collected 63 gold pieces.

Inventory:

Missiles
 a - 32 arrows
Armour
 b - a +0 robe (melded)
Jewellery
 r - a +3 ring of strength (left front leg)
Magical devices
 u - a wand of digging (15)
Scrolls
 f - 2 scrolls of identify {unknown}
 i - 4 scrolls of recharging {unknown}
 j - 2 scrolls of enchant armour {unknown}
 m - a scroll of amnesia {unknown}
 o - a scroll of blinking {unknown}
 p - 4 scrolls of remove curse {unknown}
 s - 2 scrolls of fear {unknown}
Potions
 e - a potion of invisibility {unknown}
 g - a potion of magic {unknown}
 k - a potion of brilliance {unknown}
 l - a potion of ambrosia {unknown}
 n - 3 potions of heal wounds {unknown}
 q - a potion of might {unknown}
Books
 c - a book of Changes

   Spells                             Type                      Level
   a - Beastly Appendage              Transmutation                1
   b - Sticks to Snakes               Transmutation                2
   c - Spider Form                    Transmutation/Poison         3
   d - Ice Form                       Ice/Transmutation            4
   e - Blade Hands                    Transmutation                5
Comestibles
 d - 2 bread rations {@e1}
 h - 2 meat rations {@e2}
 t - a chunk of flesh {@w0}


   Skills:
 - Level 1.1 Fighting
 - Level 2.6 Dodging
 - Level 5.0 Unarmed Combat
 - Level 2.0 Spellcasting
 + Level 3.7 Transmutations


You had 3 spell levels left.
You knew the following spells:

 Your Spells              Type           Power        Failure   Level  Hunger
a - Beastly Appendage     Trmt           ##....       21%         1    ##.....
b - Spider Form           Trmt/Pois      #.........   61%         3    ####...


Dungeon Overview and Level Annotations

Branches:
Dungeon (3/15)

Altars:
Makhleb
Xom

Annotations:
D:3 Geomchi's ghost, average MfTm


Message History

You now have 4/7 mp.
You hit Geomchi's ghost. Geomchi's ghost completely misses you.
You bite Geomchi's ghost! Geomchi's ghost completely misses you.
You miss Geomchi's ghost. You barely miss Geomchi's ghost.
Geomchi's ghost closely misses you.
You bite Geomchi's ghost! Geomchi's ghost closely misses you.
You hit Geomchi's ghost.
Your transformation is almost over.
Geomchi's ghost hits you!
You take 12 damage, and have 19/32 hp.
MASSIVE DAMAGE!!
You closely miss Geomchi's ghost. Geomchi's ghost hits you!
* * * LOW HITPOINT WARNING * * *
You take 10 damage, and have 9/32 hp.
MASSIVE DAMAGE!!
You are too injured to fight recklessly!
You are too injured to fight recklessly!
You are too injured to fight recklessly!
You are too injured to fight recklessly!
You are too injured to fight recklessly!
You closely miss Geomchi's ghost. Geomchi's ghost hits you!
You die...

## ##.## #...# #...#
######## #.
#...######...... ...
#..........#..###!.#
#...#.#####....=...#
#...#....##W.).8...#
#...####..s#..8.8..#
#.รท.# ###.#.8l_.8.#
##.#######....8.8..#
#.........#...8...#
#.........#.......#
#.........##....###
#.........##[.!.#
#..)......##.....
#.......<.#


You could see Geomchi's ghost.

Vanquished Creatures
  A worker ant (D:2)
  2 adders (D:2)
  A giant gecko (D:1)
  2 giant cockroaches (D:2)
  9 hobgoblins
  5 kobolds
  2 quokkas (D:3)
  3 bats
  A giant newt (D:2)
  9 goblins
  4 rats
39 creatures vanquished.

Vanquished Creatures (others)
  4 toadstools (D:1)
4 creatures vanquished.

Grand Total: 43 creatures vanquished

Notes
Turn   | Place    | Note
--------------------------------------------------------------
     0 | D:1      | Geomchi the Merfolk Transmuter began the quest for the Orb.
     0 | D:1      | Reached XP level 1. HP: 15/15 MP: 3/3
   715 | D:1      | Reached XP level 2. HP: 19/21 MP: 3/5
   796 | D:1      | Reached skill level 4 in Unarmed Combat
  1767 | D:2      | Found a burning altar of Makhleb.
  1776 | D:2      | Became a worshipper of Makhleb the Destroyer
  1840 | D:2      | Reached XP level 3. HP: 13/26 MP: 4/6
  2013 | D:2      | Found a shimmering altar of Xom.
  2524 | D:2      | Reached skill level 5 in Unarmed Combat
  2555 | D:2      | Learned a level 3 spell: Spider Form
  2707 | D:2      | Reached XP level 4. HP: 11/32 MP: 7/7
  3339 | D:3      | Found a faded altar to an unknown god.
  3339 | D:3      | Noticed Geomchi's ghost (average MfTm)
  3355 | D:3      | Slain by Geomchi's ghost

Vault maps used:
D:1:      ldierk_walled_garden_2, patterned_corridor
D:2:      old_standard_altar, nicolae_overflow_hidden_temple
D:3:      first_bread, ecumenical_altar_2

Action                   |  1- 3 |  4- 6 || total
-------------------------+-------+-------++-------
Melee: Unarmed           |   130 |    25 ||   155
 Cast: Beastly Appendage |    26 |     4 ||    30
       Spider Form       |       |     1 ||     1
 Stab: Sleeping          |     1 |       ||     1
  Eat: Chunk             |     6 |     2 ||     8
